 Dungeon Crawl Stone Soup version 0.28.0-45-g0d030f2227 (webtiles) character file.

Game seed: 15226756467702983917

1502 RascalDebosk the Chopper (level 9, -4/102 HPs)
             Began as a Human Berserker on Apr 23, 2022.
             Was a Believer of Trog.
             Slain by a vampire mosquito (9 damage)
             ... on level 6 of the Dungeon.
             The game lasted 00:34:10 (6234 turns).

RascalDebosk the Chopper (Human Berserker)          Turns: 6234, Time: 00:34:10

Health: -4/102     AC:  8    Str: 21    XL:     9   Next: 8%
Magic:  0/9        EV: 11    Int:  9    God:    Trog [**....]
Gold:   99         SH:  0    Dex: 12    Spells: 8/8 levels left

rFire   . . .      SeeInvis .   a - +1 hand axe (flame)
rCold   . . .      Faith    .   (no shield)
rNeg    . . .      Spirit   +   g - +0 ring mail
rPois   .          Reflect  .   c - +0 hat
rElec   .          Harm     .   e - +0 cloak
rCorr   .          Rampage  .   (no gloves)
Will    ++...                   h - +0 pair of boots
Stlth   ..........              d - amulet of guardian spirit
HPRegen 1.27/turn               (no ring)
MPRegen 0.11/turn               (no ring)

@: berserking (expiring), strong-willed, regenerating, very quick
A: no striking features
a: Renounce Religion, Berserk, Trog's Hand


You were on level 6 of the Dungeon.
You worshipped Trog.
Trog was pleased with you.
You visited 2 branches of the dungeon, and saw 7 of its levels.

You collected 261 gold pieces.
You spent 162 gold pieces at shops.

Inventory:

Hand Weapons
 a - a +1 hand axe of flaming (weapon)
 p - a +2 quarterstaff of chaos
Missiles
 k - 3 boomerangs of dispersal (quivered)
 l - 6 javelins
Armour
 c - a +0 hat (worn)
 e - a +0 cloak (worn)
 g - a +0 ring mail (worn)
 h - a +0 pair of boots (worn)
 i - a +1 robe of willpower
Jewellery
 d - an amulet of guardian spirit (around neck)
Scrolls
 f - 4 scrolls of identify
 j - a scroll of blinking
 y - 2 scrolls of enchant armour
 z - a scroll of fog
Potions
 b - a potion of haste
 o - a potion of mutation
 s - a potion of lignification


   Skills:
 + Level 5.6 Fighting
 + Level 5.6 Axes
 + Level 4.5 Throwing
 + Level 5.0 Armour
 - Level 2.0 Dodging
 + Level 4.5 Evocations


You had 8 spell levels left.
You didn't know any spells.
Your spell library was empty.

Dungeon Overview and Level Annotations

Branches:
Dungeon (6/15)             Temple (1/1) D:5

Altars:
Ashenzari
Elyvilon
Fedhas
Gozag
Hepliaklqana
Kikubaaqudgha
Makhleb
Nemelex Xobeh
Okawaru
Qazlal
Ru
Sif Muna
Trog
Vehumet
Wu Jian
Xom
Yredelemnul
Zin
The Shining One

Shops:
D:5 ?


Message History

The vampire mosquito draws strength from your injuries!
You closely miss the vampire mosquito.
The vampire mosquito is heavily damaged.
The vampire mosquito bites you.
* * * LOW HITPOINT WARNING * * *
The vampire mosquito draws strength from your injuries!
The vampire mosquito closely misses you.
You closely miss the vampire mosquito.
The vampire mosquito is moderately damaged.
The vampire mosquito barely misses you.
You slash the vampire mosquito! You burn the vampire mosquito.
The vampire mosquito is almost destroyed.
The vampire mosquito completely misses you.
You hit the vampire mosquito. You burn the vampire mosquito.
You destroy the vampire mosquito!
Trog accepts your kill.
The vampire mosquito closely misses you.
You slash the vampire mosquito! You burn the vampire mosquito.
The vampire mosquito is severely damaged.
The vampire mosquito closely misses you.
You miss the vampire mosquito.
The vampire mosquito is severely damaged.
The vampire mosquito bites you.
* * * LOW HITPOINT WARNING * * *
The vampire mosquito draws strength from your injuries!
You closely miss the vampire mosquito.
The vampire mosquito is severely damaged.
The vampire mosquito bites you.
* * * LOW HITPOINT WARNING * * *
The vampire mosquito draws strength from your injuries!
You slash the vampire mosquito! You burn the vampire mosquito.
You destroy the vampire mosquito!
Trog accepts your kill.
Your Armour skill increases to level 5!
You have reached level 9!
Your experience leads to an increase in your attributes!
Increase (S)trength, (I)ntelligence, or (D)exterity?
You feel stronger. x2
You closely miss the vampire mosquito. The vampire mosquito bites you!
You die...

###### ## .#
.#####>#
.......#
.####### .# .#
#########.# .#
#.#...@y....#
.#
#.#.#########
.# #.#.# .#
#.#.# .# #.#.#
.# #.#.# .#
#.#.#
.##########.#.#
..............#


You could see a vampire mosquito.

Vanquished Creatures
  Grinder (D:5)
  2 vampire mosquitoes (D:6)
  A steam dragon (D:6)
  Menkaure (D:6)
  A necrophage (D:5)
  An ogre (D:5)
  A bullfrog (D:5)
  2 scorpions (D:5)
  A howler monkey (D:6)
  A bullfrog zombie (D:5)
  A hound (D:4)
  An orc priest (D:5)
  Crazy Yiuf (D:3)
  A bullfrog skeleton (D:6)
  3 iguanas
  An orc wizard (D:5)
  Robin (D:3)
  6 adders
  A gnoll (D:5)
  A white imp (D:5)
  2 ufetubi (D:5)
  A worm (D:2)
  2 dart slugs
  7 orcs
  6 endoplasms
  A giant cockroach (D:1)
  13 goblins
  5 hobgoblins
  4 jackals (D:2)
  7 kobolds
  5 ball pythons
  A bat (D:3)
  2 frilled lizards
  11 rats
96 creatures vanquished.

Vanquished Creatures (others)
  2 plants (D:5)
2 creatures vanquished.

Grand Total: 98 creatures vanquished

Notes
Turn   | Place    | Note
-------+----------+-------------------------------------------
     0 | D:1      | RascalDebosk the Human Berserker began the quest for the
                  | Orb.
     0 | D:1      | Reached XP level 1. HP: 18/18 MP: 1/1
   473 | D:1      | Reached XP level 2. HP: 24/24 MP: 2/2
   907 | D:2      | Reached XP level 3. HP: 6/29 MP: 3/3
  1194 | D:2      | Reached skill level 1 in Evocations
  1196 | D:2      | Reached skill level 1 in Throwing
  1763 | D:3      | Reached XP level 4. HP: 30/35 MP: 4/4
  2078 | D:3      | Reached ** piety under Trog
  2229 | D:3      | Noticed Robin
  2248 | D:3      | Killed Robin
  2249 | D:3      | Reached XP level 5. HP: 33/41 MP: 5/5
  2676 | D:3      | Found a runed translucent door.
  2677 | D:3      | Noticed Crazy Yiuf
  2686 | D:3      | Killed Crazy Yiuf
  2774 | D:3      | You fall into a shaft and drop 1 floor!
  3433 | D:4      | Reached XP level 6. HP: 29/48 MP: 6/6
  4257 | D:5      | Entered Level 5 of the Dungeon
  4258 | D:5      | Found Duyj Age's Magic Scroll Boutique.
  4323 | D:5      | Bought a scroll of noise for 13 gold pieces
  4323 | D:5      | Bought a scroll of enchant armour for 97 gold pieces
  4323 | D:5      | Bought a scroll of fog for 26 gold pieces
  4323 | D:5      | Bought a scroll of identify for 26 gold pieces
  4364 | D:5      | Found a staircase to the Ecumenical Temple.
  4366 | D:5      | Noticed a necrophage
  4371 | Temple   | Entered the Ecumenical Temple
  4486 | D:5      | Killed a necrophage
  4487 | D:5      | Reached XP level 7. HP: 54/54 MP: 7/7
  4715 | D:5      | Found a white marble altar of Elyvilon.
  4872 | D:5      | Noticed Grinder
  4872 | D:5      | Paralysed by Grinder for 3 turns
  4880 | D:5      | Killed Grinder
  4881 | D:5      | Reached XP level 8. HP: 61/61 MP: 8/8
  5424 | D:5      | Reached skill level 5 in Fighting
  5424 | D:5      | Reached skill level 5 in Axes
  6059 | D:6      | Noticed Menkaure
  6064 | D:6      | Killed Menkaure
  6232 | D:6      | HP: 3/94 [vampire mosquito (4)]
  6234 | D:6      | Reached skill level 5 in Armour
  6234 | D:6      | Reached XP level 9. HP: 4/68 MP: 0/9
  6234 | D:6      | Slain by a vampire mosquito

Illustrated notes

Levels and vault maps discovered:
D:1:      scummos_arrival_gate, layout_basic
D:2:      layout_rooms, serial_rivers, chequers_serial_rivers_micro_e,
          chequers_serial_rivers_micro_d, chequers_serial_rivers_room_a,
          chequers_serial_rivers_small_a, chequers_serial_rivers_marsh,
          wad_floor_pattern_1
D:3:      layout_loops_corners, minmay_fractal_squares_gapless_5, uniq_robin,
          uniq_crazy_yiuf_cottage
D:4:      layout_basic, bh_walls_and_bars
D:5:      layout_cave_pools, elyvilon_altar_3,
          minmay_temple_entry_gardened_gates, serial_rivers,
          chequers_serial_rivers_large_a, chequers_serial_rivers_small_b,
          chequers_serial_rivers_large_b, chequers_serial_rivers_room_a,
          chequers_serial_rivers_room_a, chequers_serial_rivers_marsh,
          serial_shops, shop, roderic_roman_lattice, uniq_grinder
D:6:      layout_loops_ring, minmay_stone_trees_small, uniq_menkaure
Temple:   nicolae_temple_no_exploring_needed

Skill      XL: |  1  2  3  4  5  6  7  8 |
---------------+-------------------------+-----
Evocations     | 1 2 3 4 |  4.5
Throwing       | 1 2 3 4 |  4.5
Armour         | 3 4 5 |  5.0
Fighting       | 4 5 |  5.6
Axes           | 4 5 |  5.6
Dodging        | |  2.0

Action                   |  1- 3 |  4- 6 |  7- 9 || total
-------------------------+-------+-------+-------++-------
Melee: Hand axe          |    64 |   177 |   103 ||   344
       Punch             |     2 |     2 |     2 ||     6
Invok: Berserk           |     2 |     6 |     5 ||    13
       Trog's Hand       |       |     2 |     3 ||     5
  Use: Scroll            |       |    14 |       ||    14
Armor: Animal skin       |     1 |       |       ||     1
       Ring mail         |    37 |    75 |    36 ||   148
Dodge: Dodged            |    44 |   122 |    63 ||   229
